 Dungeon Crawl Stone Soup version 0.27-a0-1322-gfdffb62a71 (webtiles) character file.

Game seed: 6784519600730853114

153257 freelancePsychic the Black Belt (level 18, -10/257 HPs)
             Began as a Djinni Arcane Marksman on June 22, 2021.
             Was the Champion of Makhleb.
             Mangled by a deep elf blademaster (17 damage)
             ... on level 2 of the Elven Halls on June 23, 2021.
             The game lasted 01:41:38 (47641 turns).

freelancePsychic the Black Belt (DjAM)             Turns: 47641, Time: 01:41:38

Health: -10/257    AC: 33    Str:  9    XL:     18   Next: 22%
Gold:   2093       EV: 18    Int: 22    God:    Makhleb [******] SH:  6 Dex: 15

rFire    + + +     SeeInvis .     - Unarmed
rCold    . . .     Faith    .   S - +0 buckler
rNeg     + . .     Spirit   .   (armour currently unavailable)
rPois    ∞         Reflect  .   i - +2 hat
rElec    +         Harm     .   M - +2 cloak
rCorr    +         Rampage  +   (gloves currently unavailable)
Will     +....                  (boots unavailable)
Stlth    ..........             m - amulet "Munweaw" {Rampage rF+ rC+ Regen+}
HPRegen  1.52/turn              C - ring of wizardry
MPRegen  0.00/turn              J - ring of resist corrosion

@: mighty, berserking (expiring), statue-form, silenced, flying, very slightly
contaminated
A: slow and powerful, torment resistance 1, flying, boosted hp, sickness
immunity, fire resistance 2, cold vulnerability 1, float, innate caster, hp
casting, extra vitality 1
a: End Transformation, Renounce Religion


You were on level 2 of the Elven Halls.
You worshipped Makhleb.
Makhleb was exalted by your worship.
You were a living statue of rough stone.
You visited 4 branches of the dungeon, and saw 25 of its levels.
You also visited: Sewer.

You collected 2762 gold pieces.
You spent 669 gold pieces at shops.

Inventory:

Hand Weapons
 a - the +5 rapier "Goblinslayer" {vorpal, +Blink Fly SInv}
   (You bought it in a shop on level 11 of the Dungeon)

   It inflicts extra damage upon your enemies.
   It lets you see invisible.
   It grants you flight.
   It lets you blink.
 O - a +1 short sword of distortion
Missiles
 c - 120 sling bullets
 e - 554 stones
 n - 3 boomerangs of dispersal
 o - 13 curare-tipped darts
 T - 5 throwing nets
Armour
 i - a +2 hat (worn)
 B - the +1 leather armour "Peask" (melded) {rPois Int+4 Dex+2 Slay+2}
   (You found it on level 5 of the Lair of Beasts)

   It affects your intelligence (+4).
   It affects your dexterity (+2).
   It affects your accuracy and damage with ranged weapons and melee attacks
   (+2).
   It protects you from poison.
 D - a +0 pair of gloves (melded)
 K - a +0 tower shield
 M - a +2 cloak (worn)
 S - a +0 buckler (worn)
Magical Staves
 b - a staff of fire
 U - a staff of air
Jewellery
 m - the amulet "Munweaw" (around neck) {Rampage rF+ rC+ Regen+}
   (You acquired it on level 12 of the Dungeon)

   [amulet of regeneration]

   It protects you from fire.
   It protects you from cold.
   It increases your rate of health regeneration.
   It bestows one free step when moving towards enemies.
 x - an amulet of faith
 C - a ring of wizardry (left fist)
 G - a ring of wizardry
 H - the ring of the Sun {Ice rN+ Will+++ Str-3}
   (You found it on level 13 of the Dungeon)

   [ring of ice]

   It enhances your ice magic.
   It affects your strength (-3).
   It makes you vulnerable to fire.
   It protects you from cold.
   It protects you from negative energy.
   It greatly increases your willpower.
 J - a ring of resist corrosion (right fist)
 L - a ring of ice
Wands
 u - a wand of digging (7)
 I - a wand of polymorph (10)
 R - a wand of mindburst (21)
Scrolls
 d - 4 scrolls of identify {@r1}
 g - 12 scrolls of enchant weapon
 k - 2 scrolls of brand weapon
 p - 3 scrolls of blinking
 s - 4 scrolls of immolation
 y - 3 scrolls of fog
 N - a scroll of magic mapping
 P - a scroll of enchant armour
 Q - 10 scrolls of teleportation {@r4}
 V - a scroll of torment
Potions
 f - a potion of berserk rage
 h - 6 potions of curing {@q1}
 j - 9 potions of might
 l - 8 potions of flight
 q - 5 potions of cancellation
 r - 3 potions of attraction
 t - a potion of magic {unknown}
 v - 2 potions of brilliance
 w - 2 potions of ambrosia
 z - 4 potions of mutation
 E - 4 potions of lignification
 F - 9 potions of degeneration
 X - a potion of invisibility {unknown}
Miscellaneous
 A - a condenser vane


   Skills:
 - Level 13.1 Fighting
 - Level 4.2 Short Blades
 - Level 1.6 Slings
 - Level 11.9 Dodging
 + Level 8.6 Shields
 * Level 16.0 Unarmed Combat
 - Level 13.7 Spellcasting
 - Level 5.0 Invocations


You couldn't memorise any spells.
You knew the following spells:

 Your Spells              Type           Power      Damage    Failure   Level
a - Lesser Beckoning      Tloc           33%        N/A       1%          3
b - Tukima's Dance        Hex            66%        N/A       1%          3
c - Inner Flame           Hex/Fire       66%        N/A       1%          3
d - Statue Form           Tmut/Erth      44%        N/A       1%          6
e - Silence               Hex/Air        33%        N/A       1%          5
f - Leda's Liquefaction   Hex/Erth       33%        N/A       1%          4
g - Corona                Hex            73%        N/A       0%          1
h - Invisibility          Hex            33%        N/A       1%          6
i - Sting                 Tmut/Pois      100%       1d8       0%          1
j - Slow                  Hex            66%        N/A       0%          2
k - Animate Armour        Summ/Erth      100%       N/A       1%          4
l - Cause Fear            Hex            33%        N/A       1%          4
m - Corpse Rot            Necr/Air       N/A        N/A       0%          2
n - Portal Projectile     Hex/Tloc       100%       N/A       1%          3
Your spell library was empty.

Dungeon Overview and Level Annotations

Branches:
Dungeon (15/15)            Temple (0/1) D:5            Lair (6/6) D:9
 Shoals (0/4) Lair:4        Snake (0/4) Lair:4        Slime (0/5) Lair:6
    Orc (2/2) D:11            Elf (2/3) Orc:2        Vaults (0/5) D:14
 Depths (0/5) D:15          Sewer (visited)

Altars:
Dithmenos
Fedhas
Hepliaklqana
Makhleb
Qazlal
Sif Muna
Trog
Uskayaw
Vehumet
Zin
Beogh
Jiyva

Shops:
D:1 (   D:9 ?   D:11 !*   D:12 :**   D:14 =   D:15 (   Orc:2 ([(!   Elf:2 (

Annotations:
D:10 exclusion: statue
Lair:1 2 transporters, Ovvef's ghost, journeyman GnFi


Innate Abilities, Weirdness & Mutations

You are a living statue of rough stone.
Your actions are slow, but your melee attacks are powerful.
You are resistant to unholy torment.
You are flying.
Your maximum health is greatly increased.
Your equipment is partially melded.
You are immune to sickness and miasma.
You are immune to poison.
Your flesh is very heat resistant. (rF++)
You are vulnerable to cold. (rC-)
You float through the air rather than walking.
You learn spells naturally, not from books.
Your magical power is your life essence.
You have superior vitality. (+4 HP)


Message History

The deep elf blademaster hits you but does no damage.
The +2 war axe of electrocution hits you.
* * * LOW HITPOINT WARNING * * *
The deep elf zephyrmancer closely misses you.
The deep elf knight hits you with a +0 scimitar!
* * * LOW HITPOINT WARNING * * *
You closely miss the deep elf zephyrmancer.
You block the deep elf blademaster's attack.
The deep elf blademaster hits you but does no damage.
The deep elf pyromancer hits you but does no damage.
The +2 war axe of electrocution completely misses you.
The deep elf zephyrmancer hits you but does no damage.
You pummel the deep elf zephyrmancer!!
The deep elf zephyrmancer is severely wounded.
The deep elf blademaster misses you.
You block the deep elf blademaster's attack.
The deep elf zephyrmancer hits you but does no damage.
The deep elf knight hits you but does no damage.
The +2 war axe of electrocution hits you!
* * * LOW HITPOINT WARNING * * *
The deep elf pyromancer hits you but does no damage.
You pummel the deep elf zephyrmancer!!
You kill the deep elf zephyrmancer!
Makhleb accepts your kill.
You feel better. The deep elf blademaster misses you.
The deep elf blademaster hits you with a +0 rapier.
* * * LOW HITPOINT WARNING * * *
The +2 war axe of electrocution hits you but does no damage.
You block the deep elf zephyrmancer's attack.
The deep elf knight hits you with a +0 scimitar.
* * * LOW HITPOINT WARNING * * *
You pummel the deep elf zephyrmancer!!
The deep elf zephyrmancer is heavily wounded.
The deep elf blademaster misses you.
The deep elf blademaster hits you but does no damage.
The deep elf pyromancer hits you but does no damage.
You block the +2 war axe of electrocution's attack.
The deep elf blademaster misses you.
The deep elf blademaster hits you with a +0 rapier!
You die...

#### ##### ### ## ##...#
##...####.####.
##.....###.....##...##..
........................
...........)......#.....
......).(........###....
#.....)8e..)....## ##...
......eee........# #....
.......(..........#.....
........................
........................
........................
........................
........................
.


You could see a deep elf blademaster, a deep elf knight, a deep elf pyromancer,
a deep elf zephyrmancer and 2 dancing weapons.

Vanquished Creatures
  Jorgrun (Elf:2)
  Rupert (Lair:3)
  Donald (Orc:1)
  2 orc warlords
  A ghost moth (shapeshifter) (D:14)
  Louise (Elf:1)
  Nessos (D:15)
  A deep elf death mage (Elf:1)
  2 fire dragons (D:15)
  4 hydras
  Fannar (Lair:3)
  2 boulder beetles
  2 ogre magi
  8 centaur warriors
  A catoblepas (D:13)
  2 death knights
  9 two-headed ogres
  3 death yaks (Lair:6)
  4 tengu warriors
  4 orc high priests
  Sonja (Lair:3)
  13 deep elf knights
  14 spriggans
  An iron troll (D:14)
  A skeletal warrior (D:15)
  8 deep elf archers
  10 orc knights
  21 deep elf zephyrmancers
  2 orc sorcerers
  25 deep elf pyromancers
  An oklob plant (Lair:5)
  8 ugly things
  5 cyclopes
  An orb spider (shapeshifter) (D:14)
  4 manticores
  7 elephants
  4 black mambas
  22 dancing weapons
  3 orange demons (Elf:1)
  A gargoyle (D:11)
  17 cane toads
  A guardian serpent (D:13)
  2 unseen horrors
  A rime drake (Lair:6)
  A tengu conjurer (D:15)
  An efreet (D:14)
  5 freezing wraiths
  5 komodo dragons
  4 polar bears (Lair:6)
  A troll (D:11)
  6 hornets
  A wind drake (shapeshifter) (Elf:1)
  31 blink frogs
  A meliai zombie (D:11)
  13 dream sheep
  6 slime creatures (D:14)
  A snapping turtle (Lair:4)
  2 shadows
  5 wyverns
  2 water elementals
  4 wraiths
  4 fire elementals
  41 yaks
  A human (shapeshifter) (D:11)
  2 basilisks
  A steam dragon (D:9)
  6 vampire mosquitoes
  A warg (shapeshifter) (D:14)
  A warg (Orc:2)
  3 acid dragons
  6 water moccasins
  33 orc warriors
  A swamp drake (D:11)
  Duvessa (D:4)
  3 ice beasts
  A sky beast (D:6)
  4 black bears
  A necrophage (D:6)
  4 ogres
  49 wolves
  11 centaurs
  4 boggarts (Lair:6)
  3 kobold brigands
  6 bullfrogs
  3 earth elementals
  A gnoll sergeant (D:11)
  9 scorpions
  Dowan (D:4)
  A wyvern skeleton (D:7)
  7 killer bees
  4 howler monkeys
  2 wights (D:7)
  A centaur zombie (D:10)
  9 electric eels
  A bullfrog zombie (D:5)
  2 jellies
  27 orc priests
  A hound (D:6)
  Ijyb (D:4)
  An iguana (D:6)
  23 orc wizards
  A killer bee zombie (D:7)
  2 howler monkey zombies
  8 gnolls
  8 adders
  A shadow imp (D:8)
  An ufetubus (D:6)
  An adder skeleton (D:4)
  A worm (D:3)
  10 dart slugs
  95 orcs
  6 endoplasms
  11 giant cockroaches
  7 goblins
  5 hobgoblins
  28 kobolds
  A quokka (D:2)
  6 ball pythons
  7 bats
  8 frilled lizards
  A jackal skeleton (D:3)
  7 rats
  A bush (Lair:4)
810 creatures vanquished.

Vanquished Creatures (collateral kills)
  An ogre mage (D:15)
  Harold (Lair:2)
  A hydra (Lair:4)
  A death knight (D:15)
  5 two-headed ogres
  2 orc high priests (Orc:2)
  2 orc knights (Orc:2)
  Maggie (D:9)
  2 blink frogs
  2 dream sheep (Lair:2)
  A warg (Orc:1)
  20 orc warriors
  3 wolves (Lair:2)
  A centaur (D:10)
  A gnoll sergeant (D:10)
  A killer bee (D:11)
  A wight (D:7)
  3 orc priests (Orc:2)
  3 orc wizards
  A gnoll (D:10)
  12 orcs
  4 kobolds
69 creatures vanquished.

Vanquished Creatures (others)
  An orc high priest (Elf:2)
  9 dancing weapons
  A water elemental (Elf:2)
  4 orc priests (Elf:2)
  An orc wizard (Orc:1)
  15 bushes (Lair:6)
  53 fungi
  62 plants
146 creatures vanquished.

Grand Total: 1025 creatures vanquished

Notes
Turn   | Place    | Note
-------+----------+-------------------------------------------
     0 | D:1      | freelancePsychic the Djinni Arcane Marksman began the quest
                  | for the Orb.
     0 | D:1      | Reached XP level 1. HP: 17/17 MP: 0/0
    84 | D:1      | Reached XP level 2. HP: 22/22 MP: 0/0
   298 | D:1      | Reached XP level 3. HP: 28/28 MP: 0/0
   298 | D:1      | Learned a level 1 spell: Sting
   738 | D:1      | Found Manerupi's Antique Weapon Shop.
  1660 | D:2      | Reached XP level 4. HP: 31/33 MP: 0/0
  1755 | D:2      | Noticed a scorpion
  1759 | D:2      | Killed a scorpion
  1760 | D:2      | Reached XP level 5. HP: 31/38 MP: 0/0
  1760 | D:2      | Learned a level 2 spell: Corpse Rot
  1929 | D:2      | Found a faded altar of an unknown god.
  2355 | D:3      | Found a glowing drain.
  2395 | Sewer    | Entered a sewer
  3198 | Sewer    | Noticed a kobold brigand
  3206 | Sewer    | Killed a kobold brigand
  3207 | Sewer    | Reached XP level 6. HP: 14/43 MP: 0/0
  3762 | D:3      | Noticed an ice beast
  3764 | D:3      | Killed an ice beast
  3765 | D:3      | Reached skill level 5 in Spellcasting
  3936 | D:3      | Reached XP level 7. HP: 36/49 MP: 0/0
  3936 | D:3      | Learned a level 3 spell: Lesser Beckoning
  4639 | D:4      | Found a burning altar of Makhleb.
  4641 | D:4      | Found a glowing silver altar of Zin.
  4653 | D:4      | Noticed Duvessa
  4653 | D:4      | Noticed Dowan
  4658 | D:4      | Killed Dowan
  4658 | D:4      | Killed Duvessa
  4796 | D:4      | Noticed Ijyb
  4800 | D:4      | Killed Ijyb
  5076 | D:4      | Reached XP level 8. HP: 49/58 MP: 0/0
  5469 | D:4      | You are sucked into a shaft and drop 1 floor!
  5469 | D:5      | Entered Level 5 of the Dungeon
  6029 | D:4      | Found a blossoming altar of Fedhas.
  6039 | D:4      | Became a worshipper of Makhleb the Destroyer
  6279 | D:5      | Reached skill level 5 in Fighting
  6557 | D:5      | Found a staircase to the Ecumenical Temple.
  7488 | D:6      | Reached XP level 9. HP: 46/65 MP: 0/0
  7488 | D:6      | Learned a level 3 spell: Tukima's Dance
  7684 | D:6      | Reached skill level 1 in Invocations
  8382 | D:7      | Found a shadowy altar of Dithmenos.
  9601 | D:8      | Reached * piety under Makhleb
  9602 | D:8      | Reached skill level 5 in Dodging
  9629 | D:8      | Killed a +0 dagger
 10835 | D:9      | Found a staircase to the Lair.
 11413 | D:9      | Found Myduw's Magic Scroll Emporium.
 11482 | D:9      | Noticed Maggie
 11489 | D:9      | Killed Maggie
 12187 | D:9      | Reached XP level 10. HP: 68/72 MP: 0/0
 12598 | D:10     | Entered Level 10 of the Dungeon
 12616 | D:10     | Found a stormy altar of Qazlal.
 12825 | D:10     | Found a hazy altar of Hepliaklqana.
 12887 | D:10     | Noticed a two-headed ogre
 12891 | D:10     | Noticed a two-headed ogre
 13222 | Lair:1   | Entered Level 1 of the Lair of Beasts
 13336 | Lair:1   | Noticed a komodo dragon
 13343 | Lair:1   | Killed a komodo dragon
 13344 | Lair:1   | Reached skill level 5 in Invocations
 13573 | Lair:1   | Noticed a cane toad
 13610 | Lair:1   | Killed a cane toad
 13791 | Lair:1   | Found a transporter.
 13794 | Lair:1   | Found a transporter.
 13794 | Lair:1   | Noticed a spriggan berserker
 13795 | Lair:1   | Noticed a moth of wrath
 13797 | Lair:1   | Noticed a spriggan rider
 13797 | Lair:1   | Noticed Ovvef's ghost (journeyman GnFi)
 13798 | Lair:1   | Noticed a moth of wrath
 13799 | Lair:1   | Noticed a spriggan rider
 13800 | Lair:1   | Found a bloodstained altar of Trog.
 13824 | Lair:1   | Noticed a black mamba
 13831 | Lair:1   | Killed a black mamba
 14127 | Lair:1   | Reached XP level 11. HP: 74/79 MP: 0/0
 14127 | Lair:1   | Learned a level 4 spell: Animate Armour
 14874 | Lair:2   | Reached skill level 10 in Spellcasting
 15785 | Lair:2   | Reached ** piety under Makhleb
 16530 | Lair:2   | Noticed Harold
 16549 | Lair:2   | Killed Harold
 16563 | Lair:2   | Reached XP level 12. HP: 78/88 MP: 0/0
 16727 | Lair:2   | Reached *** piety under Makhleb
 17036 | Lair:2   | Noticed a spriggan rider
 17044 | Lair:2   | Killed a spriggan rider
 17784 | Lair:3   | Noticed Rupert
 18180 | Lair:3   | Noticed a four-headed hydra
 18190 | Lair:3   | Killed a four-headed hydra
 18283 | Lair:3   | Noticed Fannar
 18767 | Lair:3   | Killed Fannar
 18902 | Lair:3   | Noticed Sonja
 18911 | Lair:3   | Killed Sonja
 19089 | Lair:3   | Paralysed by Rupert for 4 turns
 19094 | Lair:3   | Killed Rupert
 19095 | Lair:3   | Reached skill level 10 in Fighting
 19095 | Lair:3   | Reached XP level 13. HP: 96/96 MP: 0/0
 19095 | Lair:3   | Learned a level 5 spell: Silence
 19355 | Lair:4   | Found a staircase to the Snake Pit.
 19440 | Lair:4   | Reached skill level 1 in Short Blades
 19601 | Lair:4   | Reached skill level 10 in Dodging
 20019 | Lair:4   | Found a staircase to the Shoals.
 20209 | Lair:4   | Noticed an eight-headed hydra
 20225 | Lair:4   | Killed an eight-headed hydra
 22483 | D:10     | Reached **** piety under Makhleb
 23255 | D:10     | Found a hide-covered altar of Uskayaw.
 23511 | D:11     | Noticed a centaur warrior
 23520 | D:11     | Killed a centaur warrior
 23549 | D:11     | Noticed a boulder beetle
 24804 | D:11     | Noticed an ogre mage
 24996 | D:11     | Killed an ogre mage
 24997 | D:11     | Reached XP level 14. HP: 71/103 MP: 0/0
 26198 | D:11     | Found Gauqakk's Assorted Antiques.
 26203 | D:11     | Bought an ichor-stained rapier for 243 gold pieces
 26203 | D:11     | Identified the +5 rapier "Goblinslayer" {vorpal, +Blink Fly
                  | SInv} (You bought it in a shop on level 11 of the Dungeon)
 26596 | D:11     | Found a staircase to the Orcish Mines.
 26666 | Orc:1    | Entered Level 1 of the Orcish Mines
 27537 | Orc:2    | Entered Level 2 of the Orcish Mines
 28552 | Orc:1    | Reached ***** piety under Makhleb
 30625 | Orc:2    | Found a staircase to the Elven Halls.
 31335 | Orc:2    | Noticed Donald
 31701 | Orc:1    | Killed Donald
 31958 | Orc:2    | Found Hyenoc's Weapon Boutique.
 34010 | Orc:2    | Found Jakluah's Antique Armour Shop.
 34036 | Orc:2    | Found Ynaublazxe's Antique Weapon Boutique.
 34472 | Orc:2    | Found Pupurhih's Distillery.
 34535 | Orc:2    | Bought a fine robe for 142 gold pieces
 34535 | Orc:2    | Identified the +1 robe of Hepliaklqana's Grace {Str+5} (You
                  | bought it in a shop on level 2 of the Orcish Mines)
 34535 | Orc:2    | Bought a thick robe for 142 gold pieces
 34535 | Orc:2    | Identified the +2 robe of Agoraphobia {Slay+4} (You bought
                  | it in a shop on level 2 of the Orcish Mines)
 34535 | Orc:2    | Bought a tattered robe for 142 gold pieces
 34535 | Orc:2    | Identified the +1 robe of Miocwi {rElec rCorr Int+5 Dex-2}
                  | (You bought it in a shop on level 2 of the Orcish Mines)
 34876 | Lair:5   | Identified the +1 leather armour "Peask" {rPois Int+4 Dex+2
                  | Slay+2}
 35526 | Lair:5   | Reached skill level 1 in Shields
 35645 | Lair:6   | Entered Level 6 of the Lair of Beasts
 37151 | Lair:6   | Reached XP level 15. HP: 76/111 MP: 0/0
 37151 | Lair:6   | Learned a level 6 spell: Statue Form
 37344 | Lair:6   | Reached skill level 1 in Unarmed Combat
 37443 | Lair:6   | Found a staircase to the Slime Pits.
 37444 | Lair:6   | Found a viscous altar of Jiyva.
 37694 | Lair:6   | Reached skill level 2 in Unarmed Combat
 37923 | Lair:6   | Reached skill level 3 in Unarmed Combat
 38405 | Lair:6   | Reached skill level 4 in Unarmed Combat
 38896 | Lair:6   | Reached skill level 5 in Unarmed Combat
 39110 | Lair:6   | Reached skill level 6 in Unarmed Combat
 40123 | D:11     | Reached skill level 7 in Unarmed Combat
 40459 | D:11     | Found Serastog's Distillery.
 40502 | D:11     | Reached skill level 8 in Unarmed Combat
 41029 | D:12     | Found Cubec's Book Shop.
 41202 | D:12     | Reached ****** piety under Makhleb
 41482 | D:12     | Found Gampid's Assorted Antiques.
 41504 | D:12     | Found Nishon's General Store.
 41514 | D:12     | Identified a scroll of acquirement
 41515 | D:12     | Acquired the amulet "Munweaw" {Rampage rF+ rC+ Regen+}
 41736 | D:13     | Reached skill level 9 in Unarmed Combat
 42273 | D:13     | Identified the ring of the Sun {Ice rN+ Will+++ Str-3}
 42709 | D:13     | Reached skill level 10 in Unarmed Combat
 42758 | D:14     | Reached XP level 16. HP: 118/118 MP: 0/0
 43045 | D:14     | Reached skill level 11 in Unarmed Combat
 43619 | D:14     | Found Coaqih's Jewellery Emporium.
 43736 | D:14     | Found a gate to the Vaults.
 44132 | D:15     | Entered Level 15 of the Dungeon
 44214 | D:15     | Reached skill level 12 in Unarmed Combat
 44221 | D:15     | Noticed Nessos
 44229 | D:15     | Paralysed by an ogre mage for 3 turns
 44233 | D:15     | Killed Nessos
 44244 | D:15     | Paralysed by an ogre mage for 6 turns
 44323 | D:15     | Reached skill level 13 in Unarmed Combat
 44411 | D:15     | Found a staircase to the Depths.
 44590 | D:15     | Found Uxuihew's Weapon Shop.
 45056 | Elf:1    | Entered Level 1 of the Elven Halls
 45344 | Elf:1    | Reached skill level 5 in Shields
 45548 | Elf:1    | Reached XP level 17. HP: 123/123 MP: 0/0
 45548 | Elf:1    | Learned a level 6 spell: Invisibility
 45608 | Elf:1    | Found Fif Jory's Armour Shoppe.
 45676 | Elf:1    | Reached skill level 14 in Unarmed Combat
 46122 | Elf:1    | Noticed Louise
 46131 | Elf:1    | Killed Louise
 46701 | Elf:2    | Noticed Jorgrun
 46722 | Elf:2    | Killed Jorgrun
 46762 | Elf:2    | Reached skill level 15 in Unarmed Combat
 46819 | Elf:2    | Found Ubaips's Antique Weapon Shop.
 47025 | Elf:2    | Reached XP level 18. HP: 103/132 MP: 0/0
 47288 | Elf:2    | Found a runed translucent gate.
 47288 | Elf:2    | Found a runed translucent gate.
 47288 | Elf:2    | Found a runed translucent gate.
 47608 | Elf:2    | Noticed a deep elf blademaster
 47620 | Elf:2    | Reached skill level 16 in Unarmed Combat
 47637 | Elf:2    | HP: 8/257 [deep elf knight (7)]
 47639 | Elf:2    | HP: 3/257 [+2 war axe of electrocution (7)]
 47641 | Elf:2    | Mangled by a deep elf blademaster

Illustrated notes

Levels and vault maps discovered:
D:1:      dpeg_arrival_arbitrary_b, layout_basic, serial_forest,
          infiniplex_forest_straight_2, infiniplex_forest_straight_2,
          infiniplex_forest_clump_long, infiniplex_forest_lined_room_3,
          infiniplex_forest_lined_2, infiniplex_forest_end_1,
          infiniplex_forest_diagonal, serial_shops, nicolae_shop_behind_doors,
          st_stairs_13
D:2:      layout_basic, chequers_ecumenical_altar_island,
          hangedman_decor_growths
D:3:      layout_basic, gup_sewer_entry_glass, minmay_divided_ellipse
D:4:      layout_basic, nicolae_overflow_hidden_temple, uniq_ijyb, uniq_duvessa
D:5:      layout_cave_pools, lemuel_tele_altar, temple_hall
D:6:      layout_loops_ring
D:7:      layout_basic, kennysheep_mini_moat, serial_co_window_serial,
          co_window_corner_a, co_window_of_opportunity_a, co_window_paths_a,
          co_window_of_opportunity_a, co_window_corner_a,
          co_window_of_opportunity_b, co_window_broadway_a,
          co_window_of_opportunity_b, co_window_sun, glass_columns_a,
          glass_columns_a, glass_columns_a, glass_columns_c, glass_columns_c
D:8:      layout_loops_corners
D:9:      layout_loops_corners, dpeg_oklobed_lair, serial_shops, shop,
          uniq_maggie
D:10:     layout_roguey, lemuel_crystal_altar, vehumet_statue,
          worldfamousw_hep_ancestral_shrine, nicolae_qazlal_scattered_showers,
          kennysheep_cluttered_room
D:11:     hangedman_cross_veins, layout_long_grid, erik_orc_1, serial_shops,
          nicolae_shop_crystal, nicolae_shop_competitors_out_of_business,
          minmay_ruined_shrine
D:12:     erik_rubicon_b, layout_basic, serial_shops, kennysheep_mini, shop,
          nicolae_shop_window_shopping, special_room [special_room_orc]
D:13:     layout_basic, nrook_guardian_serpent_ordinary
D:14:     layout_layer_cave, david_vaults_4, roderic_serpentine_path,
          serial_shops, shop
D:15:     grunt_enter_depths_hoard, layout_cave_pools, serial_shops,
          nicolae_shop_stone, uniq_nessos
Lair:1:   layout_cave_pods, gammafunk_ghost_wrathful_warriors,
          infiniplex_staircase_pool_2
Lair:2:   layout_cave_pods, grunt_forest_large_clearings, uniq_harold
Lair:3:   layout_regular_city, grunt_megastairs_3, uniq_rupert, uniq_fannar,
          uniq_sonja
Lair:4:   wander_river, layout_loops_ring, minmay_shoals_entry_hut,
          lemuel_fruit_fields
Lair:5:   layout_roguey, grunt_megastairs_2
Lair:6:   minmay_lair_end_enchanted_forest, layout_concentric_octagons,
          slime_altar_1, minmay_hedge_maze
Orc:1:    layout_caves, serial_shops, nicolae_shop_trees
Orc:2:    grunt_orc_community_town_hall, layout_caves,
          grunt_orc_community_big_house_1, grunt_orc_community_big_house_1,
          grunt_orc_community_house_3, grunt_orc_community_house_3,
          grunt_orc_community_house_2, grunt_orc_community_house_1,
          lightli_volcano_entry_magma_tube, minmay_orc_temple_c, uniq_donald
Elf:1:    eino_elf_arrival_sip, layout_loops_corners, serial_shops, shop,
          hangedman_elven_crosses_minicolossus, einodemon_barbed_minivault,
          uniq_louise
Elf:2:    layout_geoelf_diagonals, special_room [special_room_orc],
          serial_shops, shop, fountainhead, uniq_jorgrun

Skill      XL: |  1  2  3  4  5  6  7  8  9 10 11 12 13 14 15 16 17 18 |
---------------+-------------------------------------------------------+-----
Fighting       | 2 4 5 7 8 10 11 12 13 | 13.1
Spellcasting   | 3 4 5 6 8 9 10 11 13 | 13.7
Dodging        | 4 5 7 9 11 | 11.9
Invocations    | 3 5 |  5.0
Short Blades   | 2 4 |  4.2
Shields        | 4 5 8 |  8.6
Unarmed Combat | 10 13 15 16 | 16.0
Slings         | |  1.6

Action                   |  1- 3 |  4- 6 |  7- 9 | 10-12 | 13-15 | 16-18 || total
-------------------------+-------+-------+-------+-------+-------+-------++-------
Melee: Dagger            |       |     4 |       |       |       |       ||     4
       Unarmed           |       |     1 |       |       |   401 |   762 ||  1164
       Staff             |       |       |     5 |     7 |     5 |       ||    17
       Rapier            |       |       |       |     7 |   415 |       ||   422
 Fire: Hunting sling     |    72 |       |       |       |       |       ||    72
 Cast: Sting             |    23 |    57 |   147 |   170 |   224 |       ||   621
       Inner Flame       |       |    16 |    57 |    91 |   172 |     6 ||   342
       Tukima's Dance    |       |       |    12 |       |    93 |    10 ||   115
       Cause Fear        |       |       |     1 |       |     9 |       ||    10
       Animate Armour    |       |       |       |    15 |    11 |       ||    26
       Silence           |       |       |       |       |    10 |    22 ||    32
       Statue Form       |       |       |       |       |    39 |    41 ||    80
       Lesser Beckoning  |       |       |       |       |    11 |    28 ||    39
       Portal Projectile |       |       |       |       |       |     1 ||     1
       Invisibility      |       |       |       |       |       |     9 ||     9
Invok: Minor Destruction |       |       |       |       |     7 |       ||     7
       Lesser Servant of |       |       |       |       |     3 |       ||     3
Evoke: Wand              |       |       |       |       |     3 |       ||     3
       Condenser vane    |       |       |       |       |     1 |     1 ||     2
  Use: Scroll            |       |     4 |     9 |     5 |    15 |     5 ||    38
       Potion            |       |       |       |     9 |    11 |     4 ||    24
 Stab: Sleeping          |       |       |       |     1 |       |       ||     1
       Distracted        |       |       |       |       |     1 |     1 ||     2
       Confused          |       |       |       |       |       |     1 ||     1
       Invisible         |       |       |       |       |       |    33 ||    33
Armor: Robe              |     6 |     3 |    21 |       |       |       ||    30
       Steam dragon scal |       |       |       |    41 |   123 |       ||   164
       Leather armour    |       |       |       |       |    16 |     4 ||    20
       Skin              |       |       |       |       |   477 |   561 ||  1038
Dodge: Dodged            |    16 |    18 |    45 |   138 |  1401 |   760 ||  2378
Block: Buckler           |       |       |       |       |   254 |   243 ||   497

Table legend: (Time is in decaauts)
 A = Elapsed time spent in this place.
 B = Non-inter-level travel time spent in this place.
 C = Inter-level travel time spent in this place.
 D = Time resting spent in this place.
 E = Time spent auto-exploring this place.
 F = Levels seen in this place.
 G = Mean time per level.
                   A        B        C        D        E       F      G
               +--------+--------+--------+--------+--------+-----+--------+
         Total |  49532 |  47518 |   2014 |   8839 |  31554 |  26 | 1905.1 |
       Dungeon |  22610 |  21505 |   1105 |   2585 |  16077 |  15 | 1507.3 |
          Lair |  15059 |  14382 |    677 |   3244 |   9231 |   6 | 2509.8 |
  Orcish Mines |   7573 |   7379 |    194 |   2156 |   3958 |   2 | 3786.5 |
   Elven Halls |   3164 |   3127 |     37 |    460 |   1692 |   2 | 1582.0 |
         Sewer |   1124 |   1124 |      0 |    393 |    594 |   1 | 1124.0 |
               +--------+--------+--------+--------+--------+-----+--------+

Top non-repeatable levels by time:
   Orc:2: 4033 daAuts
   Orc:1: 3539 daAuts
    D:10: 3196 daAuts
  Lair:6: 3186 daAuts
    D:11: 2901 daAuts
  Lair:4: 2841 daAuts
  Lair:2: 2642 daAuts
  Lair:5: 2565 daAuts
  Lair:1: 2389 daAuts
   Elf:1: 2047 daAuts
     D:9: 1995 daAuts
     D:8: 1628 daAuts
    D:14: 1609 daAuts
     D:3: 1450 daAuts
  Lair:3: 1433 daAuts
